 Dungeon Crawl Stone Soup version 0.26-a0-597-gb535b0901c (webtiles) character file.

Game seed: 4809058044216198853

(classic levelgen) 74621 EnegeticOcto the Severer (level 15, -2/142 HPs)
             Began as a Deep Dwarf Fighter on Sept 1, 2020.
             Was a High Priest of Makhleb.
             Slain by Jorgrun
             ... wielding an uncursed staff of earth
              (4 damage)
             ... while petrified by Jorgrun
             ... on level 3 of the Snake Pit.
             The game lasted 00:12:57 (13102 turns).

EnegeticOcto the Severer (Deep Dwarf Fighter)      Turns: 13102, Time: 00:12:58

Health: -2/142     AC: 29    Str: 28    XL:     15   Next: 7%
Magic:  2/6        EV: -1    Int:  9    God:    Makhleb [*****.]
Gold:   2229       SH:  0    Dex: 12    Spells: 14/14 levels left

rFire    + . .     SeeInvis .   a - +1 broad axe
rCold    + . .     Faith    .   c - +0 kite shield
rNeg     + + +     Spirit   .   N - +4 plate armour {rF+}
rPois    ∞         Reflect  +   z - +2 helmet
rElec    .         Harm     .   l - +0 cloak
rCorr    +                      F - +0 pair of gloves
MR       ++...                  A - +1 pair of boots of the Ego {rC+ rN+ Str+2}
Stlth    ..........             o - amulet "Ibeaqeme" {Reflect rN+ SH+5}
HPRegen  0.00/turn              k - ring of resist corrosion
MPRegen  0.10/turn              O - ring of poison resistance

@: lethally poisoned (-2 -> -2), petrified, non-regenerating, constricted
A: damage resistance, heal wounds, negative energy resistance 1, sense
surroundings 2, no regeneration
a: Heal Wounds, Minor Destruction, Lesser Servant of Makhleb, Major Destruction,
Greater Servant of Makhleb, Renounce Religion


You were on level 3 of the Snake Pit.
You worshipped Makhleb.
Makhleb was extremely pleased with you.
You visited 5 branches of the dungeon, and saw 22 of its levels.
You also visited: Bailey and Volcano.

You collected 3847 gold pieces.
You spent 1618 gold pieces at shops.

Inventory:

Hand Weapons
 a - a +1 broad axe (weapon)
Missiles
 s - 5 throwing nets (quivered)
Armour
 c - a +0 kite shield (worn)
 f - a +0 crystal plate armour
 l - a +0 cloak (worn)
 z - a +2 helmet (worn)
 A - the +1 pair of boots of the Ego (worn) {rC+ rN+ Str+2}
   (You found it on level 7 of the Dungeon)

   It affects your strength (+2).
   It protects you from cold.
   It protects you from negative energy.
 F - a +0 pair of gloves (worn)
 N - a +4 plate armour of fire resistance (worn)
Jewellery
 k - a ring of resist corrosion (left hand)
 o - the amulet "Ibeaqeme" (around neck) {Reflect rN+ SH+5}
   (You acquired it on level 5 of the Dungeon)

   [amulet of reflection]

   It shields you and reflects attacks.
   It protects you from negative energy.
   It affects your SH (+5).
 x - a +6 ring of strength
 K - an uncursed ring of ice
 O - a ring of poison resistance (right hand)
Wands
 n - a wand of digging (5) {@v3}
 w - a wand of disintegration (7)
 y - a wand of paralysis (4)
 G - a wand of iceblast (1) {@v2}
 J - a wand of polymorph (10)
Scrolls
 e - a scroll of fog
 g - 5 scrolls of teleportation {@r3}
 h - 3 scrolls of blinking
 j - a scroll of vulnerability
 u - 11 scrolls of remove curse {@r2}
 v - 5 scrolls of immolation {@r4}
 E - a scroll of identify {@r1}
 I - a scroll of random uselessness
 M - a scroll of enchant weapon
 Q - 2 scrolls of fear
Potions
 b - 2 potions of flight
 d - 3 potions of might {@q3}
 i - 4 potions of curing {@q1}
 m - 2 potions of resistance {@q6}
 p - 4 potions of lignification {@q7}
 q - 4 potions of mutation
 r - a potion of heal wounds {@q2}
 t - 6 potions of stabbing {@q5}
 B - 4 potions of invisibility
 C - 3 potions of berserk rage
 D - a potion of magic
 H - a potion of cancellation
Miscellaneous
 L - a box of beasts (1/3)


   Skills:
 * Level 11.2 Fighting
 * Level 16.6 Axes
 + Level 12.6 Armour
 + Level 12.5 Shields
 + Level 11.9 Invocations
 + Level 4.1 Evocations


You had 14 spell levels left.
You didn't know any spells.
Your spell library was empty.

Dungeon Overview and Level Annotations

Branches:
Dungeon (10/15)            Temple (1/1) D:6            Lair (6/6) D:9
  Swamp (0/4) Lair:4        Snake (3/4) Lair:3        Slime (0/5) Lair:6
    Orc (2/2) D:9             Elf (0/3) Orc:2        Bailey (visited)
Volcano (visited)

Altars:
Cheibriados
Dithmenos
Gozag
Hepliaklqana
Makhleb
Nemelex Xobeh
Okawaru
Qazlal
Trog
Uskayaw
Vehumet
Xom
Yredelemnul
Zin
Beogh

Shops:
D:5 *   D:9 [   Orc:2 !*[(

Annotations:
Snake:3 Jorgrun


Innate Abilities, Weirdness & Mutations

You are resistant to damage.
You can heal yourself by infusing magical energy.
You resist negative energy. (rN+)
You passively map the area around you.
You do not regenerate.


Message History

You are too injured to fight recklessly!
You are too injured to fight recklessly!
You are too injured to fight recklessly!
You are too injured to fight recklessly!
You are too injured to fight recklessly!
You are too injured to fight recklessly!
You are too injured to fight recklessly!
Your magical essence is drained by the effort!
You feel much better.
The shock serpent shoots out a bolt of lightning at you!
The bolt of electricity hits you.
* * * LOW HITPOINT WARNING * * *
The naga ritualist mumbles some strange words.
The naga ritualist begins to radiate toxic energy.
Jorgrun gestures at you while chanting.
You are slowing down.
The naga barely misses you.
The shock serpent bites you but does no damage.
You feel much better. The shock serpent barely misses you.
Jorgrun hits you with an uncursed staff of earth.
The naga hits you from afar with a +0 halberd!
Your neqoxec misses the naga sharpshooter.
The shock serpent bites you but does no damage.
Your limbs are stiffening.
Your magical essence is drained by the effort!
You feel much better.
The shock serpent bites you but does no damage.
Jorgrun hits you with an uncursed staff of earth!
Jorgrun shatters you!
Your neqoxec gestures at the naga ritualist.
The naga sharpshooter twists and deforms.
The naga hits you from afar with a +0 halberd!
The shock serpent shoots out a bolt of lightning at you!
The bolt of electricity hits you!
Jorgrun points at you and mumbles some strange words.
The iron shot misses you.
Your neqoxec misses the naga ritualist.
You have turned to stone.
The shock serpent bites you but does no damage.
The naga hits you from afar with a +0 halberd!
Jorgrun hits you with an uncursed staff of earth.
Your neqoxec hits the naga ritualist!
The shock serpent bites you but does no damage.
The naga hits you but does no damage.
The shock serpent bites you but does no damage.
The naga ritualist hits your neqoxec with a +1 scimitar of venom.
Your neqoxec is poisoned.
The naga ritualist grabs your neqoxec.
The naga ritualist constricts your neqoxec.
Your neqoxec barely misses the naga ritualist.
Jorgrun hits you with an uncursed staff of earth.
The naga ritualist's toxic aura wanes.
The shock serpent shoots out a bolt of lightning at you!
The bolt of electricity hits you!! The naga hits you but does no damage.
The naga ritualist hits you but does no damage.
The naga ritualist constricts your neqoxec.
Your neqoxec hits the naga ritualist but does no damage.
Jorgrun hits you but does no damage.
The shock serpent bites you but does no damage. x2
Your neqoxec barely misses the naga ritualist.
The naga hits you but does no damage. Jorgrun hits you but does no damage.
The naga ritualist hits your neqoxec with a +1 scimitar of venom!
The naga ritualist constricts your neqoxec.
The shock serpent bites you but does no damage.
Your neqoxec hits the naga ritualist but does no damage.
The shock serpent shoots out a bolt of lightning at you!
The bolt of electricity hits you!
* * * LOW HITPOINT WARNING * * *
The naga hits you but does no damage.
Jorgrun hits you with an uncursed staff of earth!
* * * LOW HITPOINT WARNING * * *
The naga ritualist spits poison at you.
The splash of poison hits you but does no damage.
You resist.
The naga ritualist constricts your neqoxec.
The shock serpent shoots out a bolt of lightning at you!
The bolt of electricity hits you!!
* * * LOW HITPOINT WARNING * * *
Your neqoxec gestures.
The shock serpent shoots out a bolt of lightning at you!
The bolt of electricity hits you!
* * * LOW HITPOINT WARNING * * *
Jorgrun points at you and mumbles some strange words.
The iron shot hits you!!!
* * * LOW HITPOINT WARNING * * *
The naga ritualist hits your neqoxec with a +1 scimitar of venom!
Your neqoxec dies!
Your white imp disappears in a puff of smoke!
Your quasit disappears in a puff of smoke!
The naga hits you but does no damage.
The shock serpent bites you but does no damage.
Jorgrun hits you but does no damage.
The naga ritualist hits you but does no damage.
The naga ritualist grabs you. The naga ritualist constricts you.
The naga hits you but does no damage.
The shock serpent bites you but does no damage.
The shock serpent bites you. The shock serpent shocks you!
* * * LOW HITPOINT WARNING * * *
Jorgrun hits you with an uncursed staff of earth!
You die...

##....+ , , , , , ,
###..# , , ,,, , ,
###..#, , ,, *,,
#....#, , * ,, , ,
##....# , , , ,. ,
#.....##### #### ...,
#.........###..###....
,
#.#.......§§...SN.....
###........§.§@NN.....,
##.......§§§#gN..... ,
####.......##..###. , *
####....# ### , *
######


You could see Jorgrun (strong), a naga sharpshooter (misshapen), a naga
ritualist, a shock serpent and 2 nagas.

Vanquished Creatures
  An ettin (Orc:2)
  3 hydras
  Harold (D:10)
  Fannar (D:10)
  A naga warrior (Snake:1)
  Erica (Lair:2)
  A merfolk avatar (Lair:6)
  5 two-headed ogres
  A dancing weapon (Volcano)
  6 death yaks (Lair:2)
  3 naga sharpshooters
  3 orc high priests (Orc:2)
  2 shock serpents
  5 wizards (Volcano)
  An orange crystal statue (Snake:1)
  Pikel (D:5)
  3 mana vipers (Snake:3)
  5 orc knights
  4 orc sorcerers
  2 manticores (Lair:6)
  3 oklob plants (Lair:4)
  2 elephants (Lair:6)
  5 toenail golems (Volcano)
  6 black mambas
  A naga mage (Snake:3)
  15 cane toads
  5 rime drakes
  9 komodo dragons
  2 trolls
  5 polar bears
  2 hornets (Lair:6)
  14 blink frogs
  4 dream sheep (Lair:5)
  8 hippogriffs
  A spriggan (Lair:4)
  Sigmund (D:2)
  45 yaks
  A wraith (D:10)
  A steam dragon (D:7)
  2 wargs (Orc:1)
  2 insubstantial wisps (D:7)
  4 nagas (Snake:1)
  16 water moccasins
  8 porcupines
  3 black bears
  19 orc warriors
  An ice beast (D:7)
  3 sky beasts (D:7)
  4 ogres
  A necrophage (D:10)
  A phantom (D:5)
  13 wolves
  3 centaurs
  14 crocodiles
  7 bullfrogs
  4 scorpions
  9 killer bees
  5 wights (D:7)
  7 electric eels (Lair:4)
  2 bullfrog zombies
  2 quasits
  13 orc priests
  4 jellies (Lair:6)
  2 centaur skeletons
  6 hounds
  5 iguanas
  19 orc wizards
  5 worker ants
  5 hound skeletons
  2 worker ant zombies
  6 gnolls
  5 adders
  2 shadow imps
  5 white imps
  2 ufetubi
  An ooze (D:1)
  An adder skeleton (D:8)
  2 dart slugs (D:1)
  5 leopard geckos
  55 orcs
  4 giant cockroaches
  7 goblins
  7 hobgoblins
  10 jackals
  A ball python (D:1)
  2 frilled lizards
  A jackal skeleton (D:5)
  15 kobolds
  A quokka skeleton (D:5)
  4 rats
507 creatures vanquished.

Vanquished Creatures (collateral kills)
  Saint Roka (Orc:2)
  Vashnia (Snake:3)
  2 hydras
  An anaconda (Snake:3)
  2 naga sharpshooters (Snake:3)
  A naga ritualist (Snake:3)
  A manticore (Lair:6)
  A black mamba (Snake:3)
  A cane toad (Lair:2)
  2 wind drakes (Lair:6)
  2 hippogriffs
  A basilisk (Lair:2)
  2 water moccasins (Lair:2)
  2 wolves (Lair:4)
  3 crocodiles
  A bullfrog (Lair:4)
  An orc (Orc:2)
25 creatures vanquished.

Vanquished Creatures (others)
  A mana viper (Snake:3)
  82 fungi
  77 plants
160 creatures vanquished.

Grand Total: 692 creatures vanquished

Notes
Turn   | Place    | Note
-------+----------+-------------------------------------------
     0 | D:1      | EnegeticOcto the Deep Dwarf Fighter began the quest for the
                  | Orb.
     0 | D:1      | Reached XP level 1. HP: 20/20 MP: 1/1
   127 | D:1      | Reached XP level 2. HP: 18/27 MP: 2/2
   224 | D:2      | Noticed Sigmund
   254 | D:2      | Killed Sigmund
   254 | D:2      | Reached skill level 4 in Axes
   254 | D:2      | Reached XP level 3. HP: 33/34 MP: 2/2
   254 | D:2      | Reached XP level 4. HP: 41/42 MP: 3/3
   254 | D:2      | Reached XP level 5. HP: 48/49 MP: 4/4
   327 | D:4      | Reached XP level 6. HP: 42/56 MP: 5/5
   419 | D:4      | Found a glowing silver altar of Zin.
   421 | D:4      | Found a bloodstained altar of Trog.
   868 | D:4      | Reached skill level 5 in Axes
  1038 | D:5      | Entered Level 5 of the Dungeon
  1083 | D:5      | Reached XP level 7. HP: 40/64 MP: 6/6
  1096 | D:5      | Found Ziucouly's Assorted Antiques.
  1099 | D:5      | Bought a scroll labeled VAEPRA NUNERGH for 25 gold pieces
  1099 | D:5      | Bought a scroll labeled TITIR WIRI RAI for 25 gold pieces
  1099 | D:5      | Acquired the amulet "Ibeaqeme" {Reflect rN+ SH+5}
  1178 | D:5      | Noticed Pikel
  1213 | D:5      | Killed Pikel
  1213 | D:5      | Reached skill level 6 in Axes
  1213 | D:5      | Reached skill level 5 in Armour
  1213 | D:5      | Reached skill level 5 in Shields
  1230 | D:5      | Noticed a two-headed ogre
  1258 | D:5      | HP: 3/66 [two-headed ogre/+0 giant spiked club (13)]
  1267 | D:5      | Killed a two-headed ogre
  1267 | D:5      | Reached skill level 5 in Fighting
  1267 | D:5      | Reached skill level 7 in Axes
  1267 | D:5      | Reached XP level 8. HP: 33/74 MP: 7/7
  1329 | D:5      | Reached skill level 8 in Axes
  1659 | D:5      | Found a stormy altar of Qazlal.
  1900 | D:6      | Gained mutation: You passively map the area around you.
                  | [Deep Dwarf growth]
  1900 | D:6      | Reached XP level 9. HP: 42/81 MP: 8/8
  1982 | D:6      | Found a shimmering altar of Xom.
  1984 | D:6      | Found a snail-covered altar of Cheibriados.
  1986 | D:6      | Found an opulent altar of Gozag.
  2473 | D:6      | Reached skill level 9 in Axes
  2565 | D:6      | Found a staircase to the Ecumenical Temple.
  3217 | D:7      | Got a pair of warped boots
  3223 | D:7      | Identified the +1 pair of boots of the Ego {rC+ rN+ Str+2}
                  | (You found it on level 7 of the Dungeon)
  3358 | D:7      | Noticed a two-headed ogre
  3380 | D:7      | Killed a two-headed ogre
  3380 | D:7      | Reached skill level 10 in Axes
  3380 | D:7      | Reached XP level 10. HP: 42/92 MP: 4/4
  3483 | D:7      | Found a shadowy altar of Dithmenos.
  3486 | D:7      | Found a hazy altar of Hepliaklqana.
  3614 | D:8      | Noticed a two-headed ogre
  3671 | Temple   | Entered the Ecumenical Temple
  3768 | Temple   | Became a worshipper of Makhleb the Destroyer
  3906 | D:8      | Reached skill level 1 in Invocations
  3920 | D:8      | Killed a two-headed ogre
  4018 | D:8      | Found a flagged portal.
  4023 | Bailey   | Entered a bailey
  4049 | Bailey   | Reached * piety under Makhleb
  4084 | Bailey   | Noticed an orc knight
  4107 | Bailey   | Killed an orc knight
  4107 | Bailey   | Reached skill level 11 in Axes
  4139 | Bailey   | Found the +10 zealot's sword {holy, *Rage rN+ EV+3}
  4242 | D:8      | Noticed a two-headed ogre
  4248 | D:8      | Killed a two-headed ogre
  4306 | D:8      | Reached ** piety under Makhleb
  4767 | D:9      | Found a staircase to the Orcish Mines.
  4781 | D:9      | Reached XP level 11. HP: 75/100 MP: 6/6
  4791 | D:9      | Found Povoroasi's Armour Emporium.
  4824 | D:9      | Bought a +0 crystal plate armour for 1120 gold pieces
  4954 | D:9      | Noticed a two-headed ogre
  4962 | D:9      | Killed a two-headed ogre
  5001 | D:9      | Found a staircase to the Lair.
  5013 | D:9      | Reached skill level 5 in Invocations
  5015 | D:9      | Reached *** piety under Makhleb
  5022 | D:9      | Reached skill level 12 in Axes
  5820 | D:10     | Entered Level 10 of the Dungeon
  5981 | D:10     | Noticed Fannar
  5983 | D:10     | Noticed Harold
  6018 | D:10     | Killed Harold
  6027 | D:10     | Killed Fannar
  6028 | D:10     | Acquired 780 gold pieces
  6474 | Orc:1    | Entered Level 1 of the Orcish Mines
  6624 | Orc:2    | Entered Level 2 of the Orcish Mines
  6637 | Orc:2    | Reached **** piety under Makhleb
  6679 | Orc:2    | Noticed an orc sorcerer
  6681 | Orc:2    | Noticed Saint Roka
  6697 | Orc:1    | Noticed a soul eater
  6711 | Orc:1    | Paralysed by an orc sorcerer for 6 turns
  6720 | Orc:1    | Killed an orc sorcerer
  6748 | Orc:2    | Noticed an orc knight
  6760 | Orc:2    | Reached XP level 12. HP: 104/112 MP: 9/9
  6782 | Orc:2    | Reached skill level 13 in Axes
  6789 | Orc:2    | Reached skill level 10 in Armour
  6789 | Orc:2    | Reached skill level 10 in Shields
  6961 | Orc:2    | Killed Saint Roka
  7282 | Orc:2    | Found a roughly hewn altar of Beogh.
  7407 | Orc:2    | Noticed an orc high priest
  7411 | Orc:2    | Noticed an orc high priest
  7414 | Orc:2    | Killed an orc high priest
  7417 | Orc:2    | Noticed an orc high priest
  7434 | Orc:2    | Killed an orc high priest
  7437 | Orc:2    | Killed an orc high priest
  7438 | Orc:2    | Noticed an ettin
  7447 | Orc:2    | Killed an ettin
  7447 | Orc:2    | Reached skill level 14 in Axes
  7503 | Orc:2    | Found a staircase to the Elven Halls.
  7582 | Orc:2    | Found Bejeh's General Store.
  7582 | Orc:2    | Found Ceefos's Distillery.
  7584 | Orc:2    | Found Luid's Antique Weapon Boutique.
  7584 | Orc:2    | Found Anlumaem's Armour Shoppe.
  7595 | Orc:2    | Bought a potion of mutation for 112 gold pieces
  7595 | Orc:2    | Bought a potion of might for 56 gold pieces
  7595 | Orc:2    | Bought a potion of might for 56 gold pieces
  7595 | Orc:2    | Bought a potion of invisibility for 112 gold pieces
  7595 | Orc:2    | Bought a potion of invisibility for 112 gold pieces
  7726 | Lair:1   | Entered Level 1 of the Lair of Beasts
  7976 | Lair:2   | Reached XP level 13. HP: 121/121 MP: 9/9
  8000 | Lair:2   | Reached ***** piety under Makhleb
  8209 | Lair:2   | Noticed Erica
  8230 | Lair:2   | Killed Erica
  9107 | Lair:3   | Found a staircase to the Snake Pit.
  9167 | Lair:3   | Found the +8 trident of the Octopus King {venom, rElec
                  | rPois MR+}
  9202 | Lair:3   | Reached skill level 15 in Axes
  9210 | Lair:3   | Reached skill level 10 in Invocations
  9259 | Lair:3   | Found a hide-covered altar of Uskayaw.
  9899 | Lair:4   | Reached skill level 10 in Fighting
 10036 | Lair:4   | Found a staircase to the Swamp.
 10554 | Lair:5   | Gained mutation: You resist negative energy. (rN+) [Deep
                  | Dwarf growth]
 10554 | Lair:5   | Reached XP level 14. HP: 132/132 MP: 11/11
 11410 | Lair:6   | Entered Level 6 of the Lair of Beasts
 11410 | Lair:6   | Found a staircase to the Slime Pits.
 11417 | Lair:6   | Reached ****** piety under Makhleb
 11716 | Lair:6   | Reached skill level 16 in Axes
 11851 | Lair:6   | Found a dark tunnel.
 11870 | Lair:6   | Reached skill level 1 in Evocations
 11882 | Volcano  | Entered a volcano
 12664 | Snake:1  | Entered Level 1 of the Snake Pit
 12828 | Snake:3  | Noticed Vashnia
 12858 | Snake:3  | Killed Vashnia
 12858 | Snake:3  | Reached XP level 15. HP: 124/141 MP: 1/8
 13072 | Snake:3  | Noticed Jorgrun
 13100 | Snake:3  | HP: 7/142 [Jorgrun/iron shot (17)]
 13102 | Snake:3  | HP: 2/142 [shock serpent (5)]
 13102 | Snake:3  | Slain by Jorgrun

Illustrated notes

Levels and vault maps discovered:
D:1:      minmay_arrival_wavy_path, layout_basic
D:2:      layout_loops_ring, uniq_sigmund
D:3:      minmay_chambers_of_threes, layout_basic, lemuel_crystal_altar,
          minmay_misc_feat_roman, minmay_misc_feat_doors,
          chequers_serial_rivers_large_a, nicolae_ru_path_of_blood
D:4:      layout_cave_pods, chequers_temple_overflow_statue_of_worship
D:5:      layout_loops_ring, nicolae_qazlal_eye_of_the_storm, serial_shops,
          nicolae_shop_stone, hangedman_decor_diamond_cutter, uniq_pikel
D:6:      minmay_flawed_box, layout_basic, nicolae_overflow_hidden_temple
D:7:      layout_loops_cross, riverfiend_overflow_shadow_ancestor,
          hangedman_misty_isle
D:8:      layout_loops_ring, enter_bailey_3
D:9:      layout_loops_corners, due_lair_maze_entry_diamond, orc_david_3,
          serial_co_window_serial, co_window_paths_b,
          co_window_of_opportunity_a, co_window_paths_b,
          co_window_of_opportunity_a, co_window_corner_a,
          co_window_unsneaky_path_e, co_window_unsneaky_path_d,
          co_window_paths_c, co_window_of_opportunity_b,
          co_window_of_opportunity_c, co_window_broadway_b,
          co_window_unsneaky_path_d, co_window_paths_d, glass_columns_a
D:10:     layout_loops_ring, uniq_fannar, uniq_harold
Temple:   minmay_temple_curvy_loop
Lair:1:   layout_long_grid, grunt_megastairs_2, serial_bayou_shore_b
Lair:2:   layout_cave_pods, beast_lair_carwin_7, grunt_megastairs_3, uniq_erica
Lair:3:   layout_chaotic_city, dummy_snake_entry, basic_altar,
          lemuel_old_faithful
Lair:4:   layout_concentric_octagons, minmay_swamp_entry_eels,
          grunt_forest_stairs_clearing, serial_bayou_shore_a,
          minmay_lair_oklob_chamber
Lair:5:   layout_cave_pods, lemuel_fruit_tree
Lair:6:   gammafunk_lair_ancient_temple, layout_long_grid,
          minmay_slime_entry_pillars, enter_volcano_1,
          infiniplex_staircase_pool_2
Snake:1:  layout_basic, dpeg_stationary_puzzle, uniq_louise, uniq_asterion
Snake:2:  layout_misc_corridors, basic_altar, serial_shops, shop, drop_trap
Snake:3:  layout_cave_town, uniq_vashnia, uniq_mara, uniq_jorgrun
Orc:1:    layout_caves
Orc:2:    grunt_orc_tribal_feast, layout_caves, basic_altar, uniq_saint_roka

Skill      XL: |  1  2  3  4  5  6  7  8  9 10 11 12 13 14 15 |
---------------+----------------------------------------------+-----
Fighting       | 3 4 5 6 7 8 9 10 11 | 11.2
Axes           | 4 5 7 8 10 11 12 14 15 16 | 16.6
Armour         | 4 6 7 8 9 10 11 12 | 12.6
Shields        | 4 6 7 8 9 10 11 12 | 12.5
Invocations    | 4 6 8 10 11 | 11.9
Evocations     | 3 4 |  4.1

Action                   |  1- 3 |  4- 6 |  7- 9 | 10-12 | 13-15 || total
-------------------------+-------+-------+-------+-------+-------++-------
Melee: War axe           |    64 |    85 |   385 |   175 |       ||   709
       Broad axe         |       |       |       |   548 |   788 ||  1336
Invok: Lesser Servant of |       |       |       |     5 |    15 ||    20
       Greater Servant o |       |       |       |       |     1 ||     1
 Abil: Heal Wounds       |     3 |     4 |    23 |    20 |    24 ||    74
Evoke: Wand              |       |       |       |     8 |     6 ||    14
       Box of beasts     |       |       |       |       |     3 ||     3
  Use: Scroll            |       |       |     1 |    21 |     8 ||    30
       Potion            |       |       |       |     1 |     1 ||     2
 Stab: Distracted        |       |       |       |     2 |     5 ||     7
Armor: Scale mail        |    25 |    23 |       |       |       ||    48
       Chain mail        |       |    30 |   171 |    54 |       ||   255
       Plate armour      |       |       |       |    37 |   122 ||   159
       Crystal plate arm |       |       |       |   227 |   613 ||   840
Dodge: Dodged            |    24 |    25 |   101 |   116 |   187 ||   453
Block: Kite shield       |    20 |    42 |   349 |   692 |   889 ||  1992
       Reflection        |       |       |     2 |    39 |    29 ||    70

Table legend: (Time is in decaauts)
 A = Elapsed time spent in this place.
 B = Non-inter-level travel time spent in this place.
 C = Inter-level travel time spent in this place.
 D = Time resting spent in this place.
 E = Time spent auto-exploring this place.
 F = Levels seen in this place.
 G = Mean time per level.
                   A        B        C        D        E       F      G
               +--------+--------+--------+--------+--------+-----+--------+
         Total |  13163 |  12293 |    870 |     12 |   8631 |  24 |  548.5 |
       Dungeon |   6322 |   5901 |    421 |      0 |   4162 |  10 |  632.2 |
        Temple |    159 |     98 |     61 |      0 |     88 |   1 |  159.0 |
          Lair |   4636 |   4345 |    291 |      0 |   3301 |   6 |  772.7 |
     Snake Pit |    419 |    404 |     15 |      0 |    237 |   3 |  139.7 |
  Orcish Mines |   1197 |   1117 |     80 |     12 |    705 |   2 |  598.5 |
        Bailey |    182 |    182 |      0 |      0 |     49 |   1 |  182.0 |
       Volcano |    245 |    245 |      0 |      0 |     89 |   1 |  245.0 |
               +--------+--------+--------+--------+--------+-----+--------+

Top non-repeatable levels by time:
     D:9: 1154 daAuts
  Lair:2: 1036 daAuts
     D:6: 1021 daAuts
   Orc:2: 976 daAuts
  Lair:6: 926 daAuts
  Lair:5: 903 daAuts
     D:7: 898 daAuts
     D:5: 820 daAuts
  Lair:3: 778 daAuts
     D:4: 761 daAuts
  Lair:4: 755 daAuts
     D:8: 705 daAuts
    D:10: 630 daAuts
 Snake:3: 265 daAuts
 Volcano: 245 daAuts
